 Dungeon Crawl Stone Soup version 0.24.0-123-gd5b16e6ec5 (webtiles) character file.

Game seed: 15274774049983297364, levelgen mode: deterministic

19357 Curus the Spear-Bearer (level 12, -9/101 HPs)
             Began as a Demonspawn Berserker on Jan 27, 2020.
             Was a High Priest of Trog.
             Mangled by a four-headed hydra (10 damage)
             ... on level 4 of the Lair of Beasts.
             The game lasted 00:58:57 (14525 turns).

Curus the Spear-Bearer (Demonspawn Berserker)      Turns: 14525, Time: 00:58:58

Health: -9/101     AC: 15    Str: 17    XL:     12   Next: 35%
Magic:  12/12      EV: 17    Int: 10    God:    Trog [*****.]
Gold:   412        SH:  0    Dex: 17    Spells: 11/11 levels left

rFire    . . .     SeeInvis +   w - +3 trident
rCold    . . .     Gourm    .   (no shield)
rNeg     + . .     Faith    .   s - +4 ring mail {rPois}
rPois    +         Spirit   .   k - +0 helmet
rElec    .         Reflect  .   r - scarf {repulsion}
rCorr    .         Harm     .   v - +1 pair of gloves
MR       .....                  F - +0 pair of boots (curse)
Stlth    +.........             (no amulet)
HPRegen  0.26/turn              x - ring of positive energy
MPRegen  0.13/turn              I - ring of see invisible

@: about to teleport, berserk cooldown, slowed, repel missiles, very slow
A: hooves 2, rugged brown scales 2, demonic guardian 1, foul stench 1, rot
immunity
a: Berserk, Trog's Hand, Brothers in Arms, Renounce Religion


You were on level 4 of the Lair of Beasts.
You worshipped Trog.
Trog was extremely pleased with you.
You were not hungry.

You visited 2 branches of the dungeon, and saw 13 of its levels.

You collected 756 gold pieces.
You spent 344 gold pieces at shops.

Inventory:

Hand Weapons
 a - a +1 spear
 h - a +1 antimagic spear
 w - a +3 trident (weapon)
 K - a +2 antimagic halberd
Armour
 b - a +0 animal skin
 e - a +1 ring mail
 g - a +3 leather armour
 k - a +0 helmet (worn)
 n - a +1 cloak
 r - a scarf of repulsion (worn)
 s - a +4 ring mail of poison resistance (worn)
 v - a +1 pair of gloves (worn)
 A - a +1 ring mail of poison resistance
 F - a cursed +0 pair of boots (worn)
Jewellery
 l - an uncursed ring of magical power
 x - a ring of positive energy (left hand)
 y - a +2 ring of intelligence
 G - a cursed amulet of inaccuracy
 H - a cursed ring of attention
 I - a ring of see invisible (right hand)
Wands
 q - a wand of digging (12)
 B - a wand of iceblast (9)
 D - a wand of acid (6)
Scrolls
 d - 12 scrolls of identify
 i - 2 scrolls of teleportation
 o - 3 scrolls of blinking
 p - a scroll of fear
 u - 2 scrolls of remove curse
 J - 2 scrolls of magic mapping
 L - a scroll of acquirement
Potions
 f - 3 potions of curing
 j - 2 potions of brilliance
 m - 5 potions of flight
 t - a potion of invisibility
 z - 3 potions of heal wounds
 C - a potion of agility
 E - 2 potions of might
Comestibles
 c - 16 rations


   Skills:
 + Level 10.2 Fighting
 - Level 14.0 Polearms
 - Level 1.7 Armour
 + Level 9.1 Dodging


You had 11 spell levels left.
You didn't know any spells.
Your spell library was empty.

Dungeon Overview and Level Annotations

Branches:
Dungeon (9/15)             Temple (0/1) D:7            Lair (4/6) D:9
 Spider (0/4) Lair:2
  Swamp: Lair:2-4    Shoals: Lair:2-4       Orc: D:9-12

Altars:
Ashenzari
Cheibriados
Dithmenos
Elyvilon
Fedhas
Kikubaaqudgha
Makhleb
Sif Muna
Trog
Vehumet
Zin
The Shining One

Shops:
D:9 =

Annotations:
D:3 1 runed translucent door
D:5 exclusion: oklob plant
Lair:3 1 runed translucent door


Innate Abilities, Weirdness & Mutations

You have hoof-like feet.
You are mostly covered in rugged brown scales. (AC +2, +5% HP)
A weak demonic guardian rushes to your aid.
You may emit foul miasma when damaged in melee.
You are immune to rotting.


Message History

Your quasit claws the hippogriff.
The four-headed hydra bites you!
* * * LOW HITPOINT WARNING * * *
The four-headed hydra closely misses you. x2
The four-headed hydra bites you!
* * * LOW HITPOINT WARNING * * *
Your quasit bites the hippogriff.
Your quasit claws the hippogriff.
Your quasit closely misses the hippogriff.
You feel a strong urge to attack something.
You feel your anger nearly subside.
You are no longer berserk.
You are exhausted.
You feel yourself slow down. The ice encasing you melts away.
Your quasit bites the hippogriff but does no damage.
Your quasit claws the hippogriff but does no damage. x2
As you read the scroll of teleportation, it crumbles to dust.
You feel strangely unstable. The four-headed hydra bites you.
* * * LOW HITPOINT WARNING * * *
The four-headed hydra completely misses you.
The four-headed hydra bites you!
You die...

######### ####
..###.##.#.#.#.#...##....
..........................
............................
............................
............................
............................
.................H5.........
...............5@DF.........
............................
............................
.#P.#...###.#P.#...P...P#.##
######### ######.#####.## #
# ### ##


You could see a four-headed hydra, a hippogriff, a spiny frog, a friendly quasit
and a friendly white imp.

Vanquished Creatures
  Josephine (Lair:4)
  Harold (D:9)
  3 hydras
  Erica (Lair:1)
  A two-headed ogre (D:8)
  Nergalle (Lair:1)
  A wolf spider (Lair:2)
  A black mamba (Lair:3)
  6 spiny frogs
  2 rime drakes
  3 komodo dragons (Lair:2)
  A jumping spider (Lair:2)
  A troll (D:8)
  A polar bear (Lair:3)
  A blink frog (Lair:2)
  A hippogriff (D:9)
  Sigmund (D:5)
  6 yaks
  4 wraiths (Lair:4)
  A basilisk (Lair:2)
  A hungry ghost (D:8)
  5 water moccasins
  6 porcupines
  6 orc warriors
  4 sky beasts
  2 phantoms
  A hornet zombie (D:7)
  An ice beast (D:7)
  2 ogres
  A centaur (D:8)
  8 wolves (Lair:2)
  7 crocodiles
  Blork the orc (D:5)
  7 bullfrogs
  2 scorpions
  3 electric eels
  A quasit (D:7)
  3 crimson imps
  A jelly (D:8)
  A centaur zombie (D:6)
  3 hounds
  Crazy Yiuf (D:4)
  6 orc priests
  13 orc wizards
  Ijyb (D:5)
  A bullfrog skeleton (D:5)
  2 iguanas
  6 worker ants
  A hound skeleton (D:5)
  Robin (D:2)
  A worker ant zombie (D:8)
  3 gnolls (D:3)
  11 adders
  2 shadow imps
  2 oozes (D:2)
  3 adder skeletons (D:4)
  A dart slug (D:1)
  A leopard gecko (D:8)
  24 orcs
  5 giant cockroaches
  4 hobgoblins
  12 jackals
  9 kobolds
  4 quokkas
  5 bats
  3 frilled lizards
  10 goblins
  A jackal zombie (D:8)
  A leopard gecko skeleton (D:5)
  A quokka zombie (D:5)
  A rat (D:1)
240 creatures vanquished.

Vanquished Creatures (collateral kills)
  A hydra (Lair:4)
  A death yak (Lair:2)
  A black mamba (Lair:1)
  A spiny frog (Lair:1)
  A troll (D:9)
  2 hippogriffs
  A dream sheep (Lair:3)
  A yak (Lair:3)
  A water moccasin (Lair:1)
  An ogre (D:9)
  A big kobold (D:8)
  A bullfrog (D:8)
  An orc wizard (D:8)
  3 orcs (D:8)
  A quokka skeleton (D:8)
18 creatures vanquished.

Vanquished Creatures (others)
  A goblin (D:2)
  A fungus (Lair:4)
  12 plants
  13 toadstools (Lair:3)
27 creatures vanquished.

Grand Total: 285 creatures vanquished

Notes
Turn   | Place    | Note
-------+----------+-------------------------------------------
     0 | D:1      | Curus the Demonspawn Berserker began the quest for the Orb.
     0 | D:1      | Reached XP level 1. HP: 18/18 MP: 1/1
   104 | D:1      | Reached skill level 3 in Polearms
   741 | D:2      | Gained mutation: You are immune to rotting. [demonic
                  | ancestry]
   741 | D:2      | Reached XP level 2. HP: 24/24 MP: 2/2
   969 | D:2      | Noticed Robin
  1005 | D:2      | Killed Robin
  1005 | D:2      | Reached XP level 3. HP: 18/29 MP: 1/3
  1007 | D:2      | Reached skill level 4 in Polearms
  1063 | D:2      | Found a faded altar of an unknown god.
  1672 | D:3      | Reached ** piety under Trog
  1694 | D:3      | Found a glowing silver altar of Zin.
  1694 | D:3      | Found a runed translucent door.
  1694 | D:3      | Noticed an angel
  1710 | D:3      | Gained mutation: You are partially covered in rugged brown
                  | scales. (AC +1, +3% HP) [demonic ancestry]
  1710 | D:3      | Reached XP level 4. HP: 28/36 MP: 4/4
  1820 | D:3      | Reached skill level 5 in Polearms
  2233 | D:3      | Gained mutation: You have large cloven feet. [demonic
                  | ancestry]
  2233 | D:3      | Reached XP level 5. HP: 26/42 MP: 4/5
  2441 | D:3      | Found a shimmering blue altar of Sif Muna.
  3041 | D:4      | Found a runed translucent door.
  3042 | D:4      | Noticed Crazy Yiuf
  3117 | D:4      | Noticed an ogre
  3142 | D:4      | Reached skill level 6 in Polearms
  3148 | D:4      | Killed an ogre
  3148 | D:4      | Reached XP level 6. HP: 45/48 MP: 5/6
  3532 | D:4      | Killed Crazy Yiuf
  3596 | D:5      | Entered Level 5 of the Dungeon
  3604 | D:5      | Noticed Blork the orc
  3612 | D:5      | Noticed Sigmund
  3617 | D:5      | Killed Blork the orc
  3636 | D:5      | Killed Sigmund
  3636 | D:5      | Reached skill level 7 in Polearms
  3636 | D:5      | Gained mutation: You may emit foul miasma when damaged in
                  | melee. [demonic ancestry]
  3636 | D:5      | Reached XP level 7. HP: 22/53 MP: 5/7
  4225 | D:5      | Noticed Ijyb
  4267 | D:5      | Killed Ijyb
  4267 | D:5      | Reached skill level 8 in Polearms
  4432 | D:5      | Found a blossoming altar of Fedhas.
  4460 | D:5      | Noticed an oklob plant
  4802 | D:6      | Found a shattered altar of Ashenzari.
  4859 | D:6      | Identified a scroll of acquirement
  4955 | D:6      | Found a shadowy altar of Dithmenos.
  4971 | D:6      | Found a glowing golden altar of the Shining One.
  4973 | D:6      | Found a snail-covered altar of Cheibriados.
  4973 | D:6      | Found a bloodstained altar of Trog.
  4974 | D:6      | Found a blossoming altar of Fedhas.
  4978 | D:6      | Found an ancient bone altar of Kikubaaqudgha.
  5126 | D:6      | Reached *** piety under Trog
  5133 | D:6      | Received a gift from Trog
  5377 | D:6      | Reached skill level 9 in Polearms
  5377 | D:6      | Reached XP level 8. HP: 59/59 MP: 5/8
  5389 | D:5      | Found a glowing golden altar of the Shining One.
  5884 | D:7      | Found a staircase to the Ecumenical Temple.
  5929 | D:7      | Reached skill level 10 in Polearms
  6513 | D:7      | Reached skill level 11 in Polearms
  6661 | D:8      | Gained mutation: A weak demonic guardian rushes to your
                  | aid. [demonic ancestry]
  6661 | D:8      | Reached XP level 9. HP: 49/64 MP: 6/9
  6845 | D:8      | Reached **** piety under Trog
  7078 | D:8      | Noticed a troll
  7099 | D:8      | Killed a troll
  7099 | D:8      | Reached skill level 12 in Polearms
  7327 | D:8      | Noticed a two-headed ogre
  7336 | D:8      | Killed a two-headed ogre
  7808 | D:8      | Reached skill level 13 in Polearms
  7831 | D:8      | Reached XP level 10. HP: 42/72 MP: 10/10
  8124 | D:9      | Received a gift from Trog
  8294 | D:9      | Found Wipnuis's Jewellery Shoppe.
  8318 | D:9      | Bought a cursed amulet of inaccuracy for 32 gold pieces
  8318 | D:9      | Bought a cursed ring of attention for 72 gold pieces
  8318 | D:9      | Bought an uncursed ring of see invisible for 240 gold
                  | pieces
  8626 | D:9      | Noticed Harold
  8652 | D:9      | Killed Harold
  8772 | D:9      | Reached skill level 14 in Polearms
  8821 | D:9      | Found a white marble altar of Elyvilon.
  8843 | D:9      | Found a staircase to the Lair.
  8848 | Lair:1   | Entered Level 1 of the Lair of Beasts
  8892 | Lair:1   | Noticed a black mamba
  8902 | Lair:1   | Killed a black mamba
  9110 | Lair:1   | Noticed Nergalle
  9131 | Lair:1   | Killed Nergalle
  9166 | Lair:1   | Noticed a spiny frog
  9175 | Lair:1   | Noticed a spiny frog
  9181 | Lair:1   | Killed a spiny frog
  9181 | Lair:1   | Reached skill level 5 in Fighting
  9185 | Lair:1   | Killed a spiny frog
  9244 | Lair:1   | Noticed Erica
  9267 | Lair:1   | Killed Erica
  9267 | Lair:1   | Gained mutation: You are mostly covered in rugged brown
                  | scales. (AC +2, +5% HP) [demonic ancestry]
  9267 | Lair:1   | Reached XP level 11. HP: 30/85 MP: 11/11
  9499 | Lair:1   | Found a radiant altar of Vehumet.
  9644 | Lair:1   | Noticed a seven-headed hydra
  9655 | Lair:1   | Killed a seven-headed hydra
  9655 | Lair:1   | Reached skill level 5 in Dodging
 11116 | Lair:2   | HP: 3/89 [komodo dragon (7)]
 11859 | Lair:2   | Found a hole to the Spider Nest.
 11860 | Lair:2   | Noticed a wolf spider
 11875 | Lair:2   | Killed a wolf spider
 12093 | Lair:3   | Reached ***** piety under Trog
 12468 | Lair:3   | Noticed a seven-headed hydra
 12475 | Lair:3   | Killed a seven-headed hydra
 12804 | Lair:3   | Found a burning altar of Makhleb.
 12828 | Lair:3   | Noticed a six-headed hydra
 12864 | Lair:3   | Killed a six-headed hydra
 12864 | Lair:3   | Gained mutation: You have hoof-like feet. [demonic
                  | ancestry]
 12864 | Lair:3   | Reached XP level 12. HP: 16/99 MP: 12/12
 13639 | Lair:3   | Noticed a death yak
 13666 | Lair:2   | Killed a death yak
 13756 | Lair:3   | Noticed a dire elephant
 13756 | Lair:3   | Noticed a catoblepas
 13776 | Lair:3   | Found a runed translucent door.
 14086 | Lair:4   | Noticed Josephine
 14110 | Lair:4   | Killed Josephine
 14110 | Lair:4   | Received a gift from Trog
 14284 | Lair:4   | Noticed a seven-headed hydra
 14294 | Lair:4   | Killed a seven-headed hydra
 14294 | Lair:4   | Reached skill level 10 in Fighting
 14510 | Lair:4   | Noticed a four-headed hydra
 14520 | Lair:4   | HP: 6/151 [four-headed hydra (12)]
 14525 | Lair:4   | HP: 1/101 [four-headed hydra (4)]
 14525 | Lair:4   | Mangled by a four-headed hydra

Levels and vault maps discovered:
D:1:      lightli_arrival_noodles, layout_loops_ring
D:2:      layout_loops_corners, chequers_ecumenical_altar_simple_redux,
          minmay_tetromino_i2, uniq_robin
D:3:      layout_basic, lemuel_round_altar, lemuel_angel_altar
D:4:      layout_rooms, uniq_crazy_yiuf_cottage
D:5:      lemuel_upstairs_altar, layout_basic, first_ration, tgw_fedhas,
          uniq_blork_the_orc, uniq_ijyb, uniq_sigmund
D:6:      layout_gridville, minitemple, ashenzari_altar_1
D:7:      layout_loops_ring, temple_doors_e, kennysheep_generic_room_4
D:8:      layout_basic
D:9:      layout_cave_pools, lair_entry_dummy, serial_shops, shop, basic_altar,
          uniq_harold
Lair:1:   layout_chaotic_city, basic_altar, grunt_megastairs_3, uniq_erica,
          uniq_nergalle
Lair:2:   layout_roguey, spider_nest_entry_funnel_web,
          hangedman_lair_generics_rect, serial_bayou_shore_a
Lair:3:   gammafunk_lair_enchanted_lake, layout_chaotic_city, basic_altar,
          serial_bayou, serial_bayou_lagoon_b, serial_bayou_shore_b,
          serial_bayou_pond_a, serial_bayou_lagoon_a, serial_bayou_pond_d,
          serial_bayou_pond_c
Lair:4:   layout_big_grid, minmay_shoals_entry_centaurs, serial_bayou_pond_d,
          uniq_josephine

Skill      XL: |  1  2  3  4  5  6  7  8  9 10 11 12 |
---------------+-------------------------------------+-----
Polearms       | 3 4 5 6 7 9 11 13 14 | 14.0
Dodging        | 4 8 9 |  9.1
Fighting       | 5 9 10 | 10.2
Armour         | |  1.7

Action                   |  1- 3 |  4- 6 |  7- 9 | 10-12 || total
-------------------------+-------+-------+-------+-------++-------
Melee: Spear             |   112 |   214 |   478 |       ||   804
       Kick              |       |    37 |   194 |    22 ||   253
       Trident           |       |       |   143 |   673 ||   816
Invok: Berserk           |     1 |     2 |     5 |    12 ||    20
       Brothers in Arms  |       |       |       |     2 ||     2
Evoke: Wand              |       |       |       |     1 ||     1
  Use: Scroll            |     6 |     3 |     5 |    12 ||    26
       Potion            |     6 |     2 |     2 |     3 ||    13
 Stab: Distracted        |       |       |     1 |     6 ||     7
  Eat: Chunk             |     2 |     7 |    11 |    19 ||    39
       Ration            |       |     1 |     3 |     5 ||     9
Armor: Ring mail         |     1 |       |   166 |   196 ||   363
       Animal skin       |     1 |       |       |       ||     1
       Leather armour    |    21 |    51 |    22 |       ||    94
Dodge: Dodged            |    63 |    98 |   233 |   348 ||   742
       Deflected         |       |       |     6 |     1 ||     7
